 Dungeon Crawl Stone Soup version 0.26-b1-57-gb162d0664a (webtiles) character file.

Game seed: 8239941920403135438

112 Delamore the Shield-Bearer (level 4, -11/30 HPs)
             Began as a Gargoyle Fighter on Jan 8, 2021.
             Killed from afar by Ijyb (19 damage)
             ... with a bolt of acid
             ... on level 3 of the Dungeon.
             The game lasted 00:03:00 (2453 turns).

Delamore the Shield-Bearer (Gargoyle Fighter)       Turns: 2453, Time: 00:03:01

Health: -11/30     AC:  8    Str: 21    XL:     4   Next: 93%
Magic:  0/4        EV:  7    Int:  8    God:
Gold:   69         SH:  6    Dex:  9    Spells: 3/3 levels left

rFire    . . .     SeeInvis .   a - +0 flail
rCold    . . .     Faith    .   n - +2 buckler
rNeg     + . .     Spirit   +   m - +0 chain mail
rPois    ∞         Reflect  .   (no helmet)
rElec    +         Harm     .   (no cloak)
rCorr    .         Rampage  .   (no gloves)
Will     .....                  (no boots)
Stlth    ..........             h - amulet of guardian spirit
HPRegen  0.10/turn              (no ring)
MPRegen  0.09/turn              (no ring)

@: corroded
A: negative energy resistance 1, electricity resistance, unbreathing,
petrification resistance, miasma immunity, AC +3
a: no special abilities


You were on level 3 of the Dungeon.
You visited 1 branch of the dungeon, and saw 3 of its levels.

You collected 69 gold pieces.

Inventory:

Hand Weapons
 a - a +0 flail (weapon)
Missiles
 g - 3 curare-tipped darts (quivered)
Armour
 b - a +0 scale mail
 c - a +0 kite shield
 m - a +0 chain mail (worn)
 n - a +2 buckler (worn)
Jewellery
 h - an amulet of guardian spirit (around neck)
Scrolls
 f - 3 scrolls of fog
 k - a scroll of magic mapping {unknown}
 l - a scroll of blinking {unknown}
 o - a scroll of enchant weapon {unknown}
 p - a scroll of amnesia {unknown}
 r - a scroll of random uselessness {unknown}
Potions
 d - 2 potions of might
 e - a potion of haste {unknown}
 i - 2 potions of curing {unknown}
 j - a potion of heal wounds {unknown}
 q - 2 potions of brilliance {unknown}


   Skills:
 + Level 4.3 Fighting
 + Level 3.2 Maces & Flails
 - Level 3.2 Armour
 + Level 4.4 Shields


You had 3 spell levels left.
You didn't know any spells.
Your spell library was empty.

Dungeon Overview and Level Annotations

Branches:
Dungeon (3/15)

Altars:
Fedhas
Makhleb
Ru
Sif Muna
Uskayaw
Zin

Annotations:
D:3 Ijyb


Innate Abilities, Weirdness & Mutations

You are resistant to torment.
Your stone body is resilient. (AC +3)
You are immune to poison.
You resist negative energy. (rN+)
You are resistant to electric shocks. (rElec)
You can survive without breathing.
You are immune to petrification.
You are immune to miasma.


Message History

You are too injured to fight recklessly!
You are too injured to fight recklessly!
You are too injured to fight recklessly!
You are too injured to fight recklessly!
You are too injured to fight recklessly!
You are too injured to fight recklessly!
You are too injured to fight recklessly!
You are too injured to fight recklessly!
You are too injured to fight recklessly!
You are too injured to fight recklessly!
You are too injured to fight recklessly!
You are too injured to fight recklessly!
You are too injured to fight recklessly!
You are too injured to fight recklessly!
An orc comes into view. It is wielding a -3 club.
A rat comes into view.
There is a stone staircase leading down here.
Ijyb zaps a wand.
The bolt of acid hits you!!
Ouch! That really hurt!
You die...

############.####.#
##
#..................
..
#.#######.#..####.#
.# #.# #.###......#
[.#### #.#
##.#†.########..r..#
#.#
##.#...............
#.#
#.######..r.......
#.#
#.#####..g###.....
#.#
#....@..w.oo...#.#
#.# #..####...###..#
#.# #..# ##.## # #.#
#####..# #.#
#.####......# #.#
###......#..... #.#
#........#.##.# ..#
#.#####..#.##.##.
###
#................


You could see Ijyb, a worm, 2 orcs and a rat.

Vanquished Creatures
  4 adders
  An ooze (D:2)
  A dart slug (D:1)
  2 leopard geckos (D:2)
  2 orcs
  3 ball pythons (D:1)
  4 giant cockroaches
  8 goblins
  6 hobgoblins
  6 jackals
  5 kobolds
  8 bats
  3 frilled lizards
  13 rats
66 creatures vanquished.

Vanquished Creatures (others)
  2 plants (D:1)
2 creatures vanquished.

Grand Total: 68 creatures vanquished

Notes
Turn   | Place    | Note
-------+----------+-------------------------------------------
     0 | D:1      | Delamore the Gargoyle Fighter began the quest for the Orb.
     0 | D:1      | Reached XP level 1. HP: 14/14 MP: 1/1
   131 | D:1      | Reached XP level 2. HP: 19/19 MP: 2/2
   478 | D:1      | Reached XP level 3. HP: 16/24 MP: 3/3
  1446 | D:2      | Reached XP level 4. HP: 22/29 MP: 4/4
  2303 | D:3      | Found a hide-covered altar of Uskayaw.
  2305 | D:3      | Found a shimmering blue altar of Sif Muna.
  2306 | D:3      | Found a burning altar of Makhleb.
  2306 | D:3      | Found a sacrificial altar of Ru.
  2306 | D:3      | Found a blossoming altar of Fedhas.
  2385 | D:3      | Found a glowing silver altar of Zin.
  2446 | D:3      | Noticed Ijyb
  2453 | D:3      | Killed from afar by Ijyb

Illustrated notes

Levels and vault maps discovered:
D:1:      ncdulo_halloftheorcs, layout_basic, palyth_stone_intersect,
          serial_bayou_pond_b, amcnicky_mini_pool_small, chequers_big_river,
          serial_park_tiny_pond
D:2:      layout_basic
D:3:      layout_loops_ring, zin_scriptorium, grunt_temple_overflow_open,
          cheibrodos_sewer_entry_sluice, uniq_ijyb

Skill      XL: |  1  2  3  4 |
---------------+-------------+-----
Fighting       | 4 |  4.3
Shields        | 4 |  4.4
Maces & Flails | 3 |  3.2
Armour         | |  3.2

Action                   |  1- 3 |  4- 6 || total
-------------------------+-------+-------++-------
Melee: Flail             |   134 |   118 ||   252
  Use: Scroll            |       |     1 ||     1
Armor: Scale mail        |   107 |       ||   107
       Chain mail        |    19 |    75 ||    94
Dodge: Dodged            |    49 |    41 ||    90
Block: Kite shield       |    69 |       ||    69
       Buckler           |     2 |    29 ||    31
